 Dungeon Crawl Stone Soup version 0.27-a0-679-g77a6b55cf3 (webtiles) character file.

Game seed: 6775121225541382150

72 Ijustatesigmund the Skirmisher (level 4, -5/35 HPs)
             Began as a Demonspawn Fighter on Mar 19, 2021.
             Slain by Terence
             ... wielding a +4 hand axe of freezing
              (7 damage)
             ... on level 3 of the Dungeon.
             The game lasted 00:02:08 (1942 turns).

Ijustatesigmund the Skirmisher (Demonspawn Fighter) Turns: 1942, Time: 00:02:09

Health: -5/35      AC:  6    Str: 17    XL:     4   Next: 6%
Magic:  4/4        EV:  7    Int:  9    God:
Gold:   135        SH:  8    Dex: 13    Spells: 2/3 levels left

rFire    . . .     SeeInvis .   a - +0 war axe
rCold    . . .     Faith    .   c - +0 kite shield
rNeg     . . .     Spirit   .   b - +0 scale mail
rPois    .         Reflect  .   (no helmet)
rElec    .         Harm     .   (no cloak)
rCorr    .         Rampage  .   (no gloves)
Will     .....                  (no boots)
Stlth    ..........             (no amulet)
HPRegen  0.11/turn              (no ring)
MPRegen  0.18/turn              (no ring)

@: no status effects
A: claws 1, magic regeneration, demonic magic 1
a: no special abilities


You were on level 3 of the Dungeon.
You visited 1 branch of the dungeon, and saw 3 of its levels.

You collected 135 gold pieces.

Inventory:

Hand Weapons
 a - a +0 war axe (weapon)
Armour
 b - a +0 scale mail (worn)
 c - a +0 kite shield (worn)
Scrolls
 e - a scroll of teleportation
 f - a scroll of identify
Potions
 d - 2 potions of might
 i - a potion of brilliance


   Skills:
 + Level 3.5 Fighting
 * Level 2.9 Axes
 - Level 2.6 Armour
 + Level 1.2 Dodging
 - Level 2.6 Shields
 + Level 1.2 Necromancy


You had 2 spell levels left.
You knew the following spells:

 Your Spells              Type           Power      Damage    Failure   Level
a - Animate Skeleton      Necr           4%         N/A       99%         1

Your spell library contained the following spells:

 Spells                   Type           Power      Damage    Failure   Level
 Apportation              Tloc           0%         N/A       100%        1
 Corona                   Hex            0%         N/A       100%        1
 Summon Small Mammal      Summ           0%         N/A       100%        1


Dungeon Overview and Level Annotations

Branches:
Dungeon (3/15)

Altars:

Annotations:
D:3 Terence


Innate Abilities, Weirdness & Mutations

You have sharp fingernails.
You regenerate magic rapidly.
Spells you cast may paralyse adjacent enemies.


Message History

A goblin comes into view.
The goblin shouts!
Terence the Incautious comes into view.
He is wielding a +4 hand axe of freezing.
Terence shouts!
You see here a murky grey potion.
You completely miss Terence. You block Terence's attack.
You closely miss Terence. You hit the goblin.
Terence hits you with a +4 hand axe of freezing.
Terence freezes you. You block the goblin's attack.
Terence hits you but does no damage.
You hit the goblin.
You kill the goblin!
You closely miss Terence.
Terence hits you with a +4 hand axe of freezing!
Terence freezes you. Terence hits you but does no damage.
You closely miss Terence.
Terence hits you with a +4 hand axe of freezing.
Terence freezes you.
You are too injured to fight recklessly!
You are too injured to fight recklessly!
You are too injured to fight recklessly!
You are too injured to fight recklessly!
You are too injured to fight recklessly!
You are too injured to fight recklessly!
You are too injured to fight recklessly!
You are too injured to fight recklessly!
You are too injured to fight recklessly!
You are too injured to fight recklessly!
You are too injured to fight recklessly!
You are too injured to fight recklessly!
You are too injured to fight recklessly!
You hit Terence but do no damage.
Terence hits you with a +4 hand axe of freezing!
* * * LOW HITPOINT WARNING * * *
Terence freezes you.
* * * LOW HITPOINT WARNING * * *
Terence hits you but does no damage.
You barely miss Terence.
Terence hits you with a +4 hand axe of freezing!
You die...

#.... #..... ##
....##...... ..
...##.......
#.###..##........ #
#.#...##.........
#.##.#..##..........
#.....†.#...........
#@@!.#...........
#.#.....<...#####
#.#.........#
#.#.######### #....
###.# ... ...


You could see Terence.

Vanquished Creatures
  Jessica (D:2)
  An ooze (D:2)
  2 dart slugs (D:1)
  2 ball pythons (D:2)
  2 giant cockroaches (D:1)
  5 goblins
  7 hobgoblins
  3 jackals (D:2)
  4 bats
  2 frilled lizards (D:1)
  A kobold (D:2)
  5 rats
35 creatures vanquished.

Notes
Turn   | Place    | Note
-------+----------+-------------------------------------------
     0 | D:1      | Ijustatesigmund the Demonspawn Fighter began the quest for
                  | the Orb.
     0 | D:1      | Reached XP level 1. HP: 18/18 MP: 1/1
   230 | D:1      | Gained mutation: Spells you cast may paralyse adjacent
                  | enemies. [demonic ancestry]
   230 | D:1      | Reached XP level 2. HP: 21/24 MP: 2/2
   232 | D:1      | Learned a level 1 spell: Animate Skeleton
   817 | D:2      | Noticed Jessica
   822 | D:2      | Killed Jessica
   823 | D:2      | Reached skill level 1 in Dodging
   823 | D:2      | Reached skill level 1 in Necromancy
   823 | D:2      | Gained mutation: You regenerate magic rapidly. [demonic
                  | ancestry]
   823 | D:2      | Reached XP level 3. HP: 18/29 MP: 3/3
  1570 | D:2      | Gained mutation: You have sharp fingernails. [demonic
                  | ancestry]
  1570 | D:2      | Reached XP level 4. HP: 35/35 MP: 4/4
  1934 | D:3      | Noticed Terence
  1942 | D:3      | Slain by Terence

Illustrated notes

Levels and vault maps discovered:
D:1:      mrwooster_arrival_statue, layout_basic
D:2:      layout_basic, uniq_jessica
D:3:      layout_basic, gup_sewer_entry_bowl, nrook_mini_backslash, uniq_terence

Skill      XL: |  1  2 |
---------------+-------+-----
Axes           | 2 |  2.9
Dodging        | 1 |  1.2
Necromancy     | 1 |  1.2
Fighting       | |  3.5
Armour         | |  2.6
Shields        | |  2.6

Action                   |  1- 3 |  4- 6 || total
-------------------------+-------+-------++-------
Melee: War axe           |    72 |    10 ||    82
  Use: Scroll            |     5 |       ||     5
Armor: Scale mail        |    39 |     4 ||    43
Dodge: Dodged            |    21 |     4 ||    25
Block: Kite shield       |    40 |     6 ||    46

Table legend: (Time is in decaauts)
 A = Elapsed time spent in this place.
 B = Non-inter-level travel time spent in this place.
 C = Inter-level travel time spent in this place.
 D = Time resting spent in this place.
 E = Time spent auto-exploring this place.
 F = Levels seen in this place.
 G = Mean time per level.
                   A        B        C        D        E       F      G
               +--------+--------+--------+--------+--------+-----+--------+
         Total |   1990 |   1917 |     73 |      0 |   1682 |   3 |  663.3 |
       Dungeon |   1990 |   1917 |     73 |      0 |   1682 |   3 |  663.3 |
               +--------+--------+--------+--------+--------+-----+--------+

Top non-repeatable levels by time:
     D:2: 1235 daAuts
     D:1: 737 daAuts
     D:3: 18 daAuts
